 Dungeon Crawl Stone Soup version 0.21.0-3-g78d12a8 (webtiles) character file.

64 Megalobster the Cudgeler (level 4, 29/29 HPs)
             Began as a Gargoyle Monk on Jan 13, 2018.
             Was a Believer of Dithmenos.
             Quit the game on level 2 of the Dungeon.
             The game lasted 00:03:54 (1790 turns).

Megalobster the Cudgeler (Gargoyle Monk)            Turns: 1790, Time: 00:03:55

Health: 29/29      AC: 12    Str: 16    XL:     4   Next: 12%
Magic:  4/4        EV:  7    Int: 10    God:    Dithmenos [**....]
Gold:   116        SH:  0    Dex: 12    Spells: 3/3 levels left

rFire    . . .     SeeInvis .   a - +0 mace
rCold    . . .     Gourm    .   (no shield)
rNeg     + . .     Faith    .   e - +0 chain mail
rPois    ∞         Spirit   .   (no helmet)
rElec    +         Reflect  .   (no cloak)
rCorr    .         Harm     .   (no gloves)
MR       .....                  (no boots)
Stlth    ..........             (no amulet)
HPRegen  0.09/turn              (no ring)
MPRegen  0.09/turn              (no ring)

@: wreathed by umbra
A: negative energy resistance 1, electricity resistance, unbreathing,
petrification resistance, rot immunity, AC +3
a: Shadow Step, Renounce Religion


You were on level 2 of the Dungeon.
You worshipped Dithmenos.
Dithmenos was pleased with you.
You were not hungry.

You visited 1 branch of the dungeon, and saw 2 of its levels.

You collected 116 gold pieces.

Inventory:

Hand Weapons
 a - a +0 mace (weapon)
Armour
 b - a +0 robe
 e - a +0 chain mail (worn)
 n - a cursed +0 plate armour
Scrolls
 d - a scroll of fog {unknown}
 f - 4 scrolls of remove curse {unknown}
 g - 5 scrolls of identify {unknown}
 h - a scroll of immolation {unknown}
 k - a scroll of teleportation {unknown}
 l - a scroll of noise {unknown}
Potions
 i - 3 potions of brilliance {unknown}
 m - 2 potions of degeneration {unknown}
Comestibles
 c - 5 rations
 j - 2 chunks of flesh


   Skills:
 + Level 3.7 Fighting
 * Level 3.8 Maces & Flails
 + Level 1.4 Armour
 + Level 2.8 Dodging
 - Level 2.1 Stealth


You had 3 spell levels left.
You didn't know any spells.

Dungeon Overview and Level Annotations

Branches:
Dungeon (2/15)

Altars:
Ashenzari
Dithmenos
Gozag
Makhleb


Innate Abilities, Weirdness & Mutations

You are resistant to torment.
Your stone body is resilient. (AC +3)
You are immune to poison.
You resist negative energy. (rN+)
You are resistant to electric shocks. (rElec)
You can survive without breathing.
You are immune to petrification.
You are immune to rotting.


Message History

Done exploring.
Done exploring.
You see here a spear.
There is a shadowy altar of Dithmenos here.
You kneel at the altar of Dithmenos.
Dithmenos welcomes you!
You are shrouded in an aura of darkness!
You can now step into the shadows of nearby creatures.
Saving game... please wait.
Welcome back, Megalobster the Gargoyle Monk.
Dithmenos says: Spread the eternal night.
Press ? for a list of commands and other information.
Are you sure you want to abandon this character and quit the game? (Confirm with "yes".)
Okay, then.
Unknown command.
Press < or > to pray at altars.
Done exploring.
Unknown command.
Press < or > to pray at altars.
Are you sure you want to abandon this character and quit the game? (Confirm with "yes".)

#### ####...#.##.#.........
##.....#.##.#.#.###.#.
#...........#.#.###.#.
#....#.#.####.#.#...#.
#..#..........#.#.##.#
#.##.#.#.#....#.#.....
#.#####.....#.#......#
#######...####.##.######.#
########...##...@.###.##.# #.#
#......'...#.......##.##.# #.#
#.######...#.#._.#.#..##.# #.#
............)##.##...###.######.#
#.#########...###......#.........
...................#.#.########.#
..###########......#.#.# #.#
.......# ##..##.#.#.# #.#
..####.#######.###.#.#.# #.#


There were no monsters in sight!

Vanquished Creatures
  2 adders (D:2)
  An ooze (D:1)
  A dart slug (D:1)
  3 leopard geckos
  A giant cockroach (D:2)
  3 goblins (D:1)
  9 hobgoblins
  4 bats (D:1)
  2 frilled lizards (D:1)
  5 kobolds
  8 rats
39 creatures vanquished.

Notes
Turn   | Place    | Note
-------+----------+-------------------------------------------
     0 | D:1      | Megalobster the Gargoyle Monk began the quest for the Orb.
     0 | D:1      | Reached XP level 1. HP: 14/14 MP: 1/1
   141 | D:1      | Reached XP level 2. HP: 13/19 MP: 2/2
   659 | D:1      | Reached skill level 1 in Armour
   771 | D:1      | Reached XP level 3. HP: 19/23 MP: 3/3
  1102 | D:2      | Reached XP level 4. HP: 28/29 MP: 4/4
  1155 | D:2      | Found a burning altar of Makhleb.
  1163 | D:2      | Found an opulent altar of Gozag.
  1269 | D:2      | Found a shadowy altar of Dithmenos.
  1672 | D:2      | Found a shattered altar of Ashenzari.
  1787 | D:2      | Became a worshipper of Dithmenos the Shadowed
  1787 | D:2      | Reached * piety under Dithmenos
  1787 | D:2      | Reached ** piety under Dithmenos
  1790 | D:2      | Quit the game

Skill      XL: |  1  2 |
---------------+-------+-----
Armour         | 1 |  1.4
Fighting       | |  3.7
Maces & Flails | |  3.8
Dodging        | |  2.8
Stealth        | |  2.1

Action                   |  1- 3 |  4- 6 || total
-------------------------+-------+-------++-------
Melee: Mace              |   103 |    32 ||   135
 Stab: Sleeping          |     1 |       ||     1
  Eat: Chunk             |     1 |     2 ||     3
Armor: Chain mail        |    99 |    23 ||   122
Dodge: Dodged            |    36 |    14 ||    50
